 Dungeon Crawl Stone Soup version 0.29.1-15-g9cfb28693d (webtiles) character file.

Game seed: 13225672555143685092

57 bmack86 the Shield-Bearer (level 3, -2/31 HPs)
             Began as a Minotaur Fighter on Apr 4, 2024.
             Slain by an orc priest
             ... wielding a +0 flail
              (6 damage)
             ... on level 2 of the Dungeon.
             The game lasted 00:02:55 (1693 turns).

bmack86 the Shield-Bearer (Minotaur Fighter)        Turns: 1693, Time: 00:02:55

Health: -2/31      AC:  8    Str: 22    XL:     3   Next: 73%
Magic:  2/2        EV:  9    Int:  5    God:
Gold:   49         SH:  4    Dex:  9    Spells: 2/2 levels left

rFire   . . .      SeeInvis .   a - +0 war axe
rCold   . . .      Faith    .   c - +0 buckler
rNeg    . . .      Spirit   .   b - +0 scale mail
rPois   .          Reflect  .   l - +2 hat
rElec   .          Harm     .   (no cloak)
rCorr   .          Rampage  .   (no gloves)
Will    .....                   (no boots)
Stlth   ..........              (no amulet)
HPRegen 0.10/turn               (no ring)
MPRegen 0.08/turn               (no ring)

@: no status effects
A: horns 2, retaliatory headbutt
a: no special abilities


You were on level 2 of the Dungeon.
You visited 1 branch of the dungeon, and saw 2 of its levels.

You collected 49 gold pieces.

Inventory:

Hand Weapons
 a - a +0 war axe (weapon)
Missiles
 i - 6 javelins (quivered)
Armour
 b - a +0 scale mail (worn)
 c - a +0 buckler (worn)
 l - a +2 hat (worn)
Scrolls
 f - 2 scrolls of poison {unknown}
 g - a scroll of identify {unknown}
 j - 2 scrolls of vulnerability {unknown}
 k - a scroll of butterflies {unknown}
 m - a scroll of enchant armour {unknown}
Potions
 d - a potion of might
 e - 2 potions of berserk rage {unknown}
 h - a potion of magic {unknown}


   Skills:
 - Level 3.6 Fighting
 + Level 3.7 Axes
 - Level 3.6 Armour
 - Level 5.0 Shields


You had 2 spell levels left.
You didn't know any spells.
Your spell library contained the following spells:

 Spells                   Type           Power      Damage    Failure   Level
 Ensorcelled Hibernation  Hex/Ice        0%         N/A       95%         2
 Passwall                 Tmut/Erth      0%         N/A       95%         2
 Swiftness                Air            0%         N/A       99%         3


Dungeon Overview and Level Annotations

Branches:
Dungeon (2/15)

Altars:


Innate Abilities, Weirdness & Mutations

You have a pair of horns on your head.
You reflexively headbutt those who attack you in melee.


Message History

The hobgoblin is moderately wounded.
You block the hobgoblin's attack.
You hit the hobgoblin.
You kill the hobgoblin!
The orc priest begins to cast a cantrip, but forgets the words!
The orc barely misses you. You furiously retaliate!
You headbutt the orc.
The orc priest calls upon Beogh to heal the orc.
The orc's wounds heal themselves!
The orc priest begins to cast a cantrip, but forgets the words!
The orc priest looks encouraged for a moment.
You closely miss the orc priest. Your headbutt misses the orc priest.
You slash the orc!
You kill the orc!
The orc priest calls down the wrath of Beogh upon you.
Beogh smites you!
The orc priest hits you with a +0 dagger.
The orc hits you with a +0 flail. The orc hits you with a +0 dagger.
You hit the orc priest but do no damage.
You slash the orc!
You kill the orc!
You hit the orc. You block the orc priest's attack. You block the orc's attack.
The orc priest hits you but does no damage.
Unknown command.
You hit the orc priest but do no damage.
You slash the orc priest! You hit the orc.
The orc priest hits you with a +0 flail.
The orc hits you but does no damage.
The orc priest calls upon Beogh to heal the orc priest.
The orc priest is healed somewhat.
The orc priest hits you with a +0 dagger.
* * * LOW HITPOINT WARNING * * *
The orc closely misses you.
The orc priest hits you with a +0 flail.
* * * LOW HITPOINT WARNING * * *
You completely miss the orc priest. You barely miss the orc priest.
You barely miss the orc.
The orc priest hits you but does no damage.
The orc hits you but does no damage.
The orc priest hits you with a +0 flail.
You die...

#. #.# #. #.# #.### #.# #.# #.#
...# #.# #.# . ... #.# ##.## #
#.# #.###...# # #.############
#.##.###.# #
#............###.#.## #. #
#..#########.......# . #
#.###.oo@....###.#.## # #######
#.##..~oo.~.†##.....###.#
......###.#$..........#†.........
..........#⌠..........#.###.#####
.#........#...........#.# #.###
.#.##.###.##..~...~...#.# #...###
##.##.# #.###.........#.# ###.##.
##.##.# #.. ########..#.# ##.##.
...##.####.. #.# #.....


You could see 3 orc priests and an orc.

Vanquished Creatures
  An adder (D:2)
  A worm (D:2)
  A dart slug (D:2)
  2 orcs (D:2)
  2 ball pythons
  3 bats (D:2)
  6 endoplasms
  4 giant cockroaches (D:1)
  3 goblins
  4 hobgoblins
  4 kobolds
  A quokka (D:1)
  A frilled lizard (D:1)
  4 rats
37 creatures vanquished.

Notes
Turn   | Place    | Note
-------+----------+-------------------------------------------
     0 | D:1      | bmack86 the Minotaur Fighter began the quest for the Orb.
     0 | D:1      | Reached XP level 1. HP: 19/19 MP: 0/0
    93 | D:1      | Reached skill level 4 in Shields
   137 | D:1      | Reached XP level 2. HP: 22/26 MP: 1/1
  1168 | D:2      | Reached XP level 3. HP: 28/31 MP: 2/2
  1227 | D:2      | Found a faded altar of an unknown god.
  1486 | D:2      | Reached skill level 5 in Shields
  1693 | D:2      | Slain by an orc priest

Illustrated notes

Levels and vault maps discovered:
D:1:      roderic_chinese_lattice_arrival, layout_basic
D:2:      cheibrodos_pilgrimage, layout_loops_ring,
          hellmonk_ecumenical_altar_inner_sanctum, uniq_crazy_yiuf_cottage

Skill      XL: |  1  2  3 |
---------------+----------+-----
Shields        | 4 5 |  5.0
Axes           | 3 |  3.7
Fighting       | |  3.6
Armour         | |  3.6

Action                   || total
-------------------------++-------
Melee: War axe           ||    70
       Headbutt          ||     9
Armor: Scale mail        ||    35
Dodge: Dodged            ||    34
Block: Buckler           ||    18
